 Dungeon Crawl Stone Soup version 0.28.0-49-g6dfe1f597d (webtiles) character file.

Game seed: 4239525353129881036

682 Exodus22XD the Chopper (level 7, -1/61 HPs)
             Began as a Minotaur Fighter on May 20, 2022.
             Was a Believer of Trog.
             Succumbed to Edmund's poison
             ... on level 4 of the Dungeon.
             The game lasted 00:03:59 (3871 turns).

Exodus22XD the Chopper (Minotaur Fighter)           Turns: 3871, Time: 00:04:00

Health: -1/61      AC:  8    Str: 23    XL:     7   Next: 34%
Magic:  6/6        EV:  8    Int:  8    God:    Trog [**....]
Gold:   180        SH:  8    Dex:  9    Spells: 6/6 levels left

rFire   . . .      SeeInvis .   k - +7 broad axe of Debt {speed, *Rage rN+ Int+3}
rCold   . . .      Faith    .   m - +0 kite shield
rNeg    + . .      Spirit   .   b - +0 scale mail
rPois   .          Reflect  .   (helmet restricted)
rElec   .          Harm     .   (no cloak)
rCorr   .          Rampage  .   f - +0 pair of gloves
Will    ++...      Rage     20% (no boots)
Stlth   ..........              (no amulet)
HPRegen 1.20/turn               (no ring)
MPRegen 0.10/turn               (no ring)

@: lethally poisoned (-1 -> -4), strong-willed, on berserk cooldown,
regenerating, slowed, very slow
A: horns 2, retaliatory headbutt
a: Renounce Religion, Berserk, Trog's Hand


You were on level 4 of the Dungeon.
You worshipped Trog.
Trog was pleased with you.
You visited 1 branch of the dungeon, and saw 4 of its levels.

You collected 180 gold pieces.

Inventory:

Hand Weapons
 a - a +0 war axe
 k - the +7 broad axe of Debt (weapon) {speed, *Rage rN+ Int+3}
   (You found it on level 2 of the Dungeon)

   Attacks with this weapon are significantly faster.
   Int:       It affects your intelligence (+3).
   rN:        It protects you from negative energy.
   *Rage:     It berserks you when you make melee attacks (+20% chance).
 p - a +2 broad axe of venom
Armour
 b - a +0 scale mail (worn)
 c - a +0 buckler
 f - a +0 pair of gloves (worn)
 m - a +0 kite shield (worn)
Scrolls
 e - a scroll of fear {unknown}
 h - 4 scrolls of teleportation {unknown}
 i - 4 scrolls of identify {unknown}
 l - a scroll of immolation {unknown}
 n - 2 scrolls of magic mapping {unknown}
 o - a scroll of silence {unknown}
 q - a scroll of blinking {unknown}
Potions
 d - a potion of might
 g - 2 potions of flight {unknown}
 j - 2 potions of magic {unknown}


   Skills:
 + Level 5.2 Fighting
 + Level 7.5 Axes
 + Level 5.8 Armour
 + Level 4.4 Shields


You had 6 spell levels left.
You didn't know any spells.
Your spell library was empty.

Dungeon Overview and Level Annotations

Branches:
Dungeon (4/15)
 Temple: D:4-7

Altars:
Gozag
Qazlal
Trog


Innate Abilities, Weirdness & Mutations

You have a pair of horns on your head.
You reflexively headbutt those who attack you in melee.


Message History

Edmund is severely wounded.
You feel very sick. You block Edmund's attack.
Your skin crawls.
You feel strong-willed.
You feel very sick.
Edmund hits you with a +3 dire flail of venom!
* * * LOW HITPOINT WARNING * * *
You are lethally poisoned!
Okay, then.
A red film seems to cover your vision as you go berserk!
You feel yourself moving faster!
You feel mighty!
* * * LOW HITPOINT WARNING * * *
You feel very sick. You block Edmund's attack.
You hit Edmund. Your headbutt misses Edmund.
Edmund is almost dead.
You feel very sick.
Edmund hits you with a +3 dire flail of venom.
* * * LOW HITPOINT WARNING * * *
You are lethally poisoned!
You slice Edmund!!
You kill Edmund!
Trog accepts your kill.
* * * LOW HITPOINT WARNING * * *
You feel very sick.
You are too berserk!
* * * LOW HITPOINT WARNING * * *
You feel sick.
Things that are here:
a +3 dire flail of venom; a +0 leather armour; the human corpse of Edmund You feel a strong urge to attack something.
* * * LOW HITPOINT WARNING * * *
You feel very sick.
* * * LOW HITPOINT WARNING * * *
You feel sick.
You feel your anger nearly subside.
You are no longer berserk.
You are exhausted.
You feel yourself slow down.
You die...

.#..### #..#
.#..### ##.#
#'..'.# #.#
.#..#.######.#
.#..#.......>#
#'############
#.# ### ..#
#.####### #.#
#..@....#
#.####
#.#####.#
#....# #.#
#.##.# #.#
####.# #.# #.#
#.# #.# #.#
####.# #.#
[.##.# #.#


There were no monsters in sight!

Vanquished Creatures
  Edmund (D:4)
  An ogre (D:4)
  A centaur (D:4)
  A howler monkey (D:3)
  2 jellies
  A bullfrog skeleton (D:4)
  An orc priest (D:4)
  3 iguanas
  3 gnolls (D:2)
  6 adders
  5 worms
  A dart slug (D:2)
  An orc (D:4)
  5 endoplasms
  4 giant cockroaches
  7 hobgoblins
  4 jackals (D:1)
  6 kobolds
  A quokka (D:1)
  5 ball pythons
  10 bats
  3 frilled lizards
  6 goblins
  5 rats
83 creatures vanquished.

Notes
Turn   | Place    | Note
-------+----------+-------------------------------------------
     0 | D:1      | Exodus22XD the Minotaur Fighter began the quest for the
                  | Orb.
     0 | D:1      | Reached XP level 1. HP: 19/19 MP: 0/0
   177 | D:1      | Reached XP level 2. HP: 27/27 MP: 1/1
   485 | D:1      | Found a faded altar of an unknown god.
   485 | D:1      | Noticed an Executioner
   494 | D:1      | Prayed at the altar of an unknown god.
   494 | D:1      | Became a worshipper of Trog the Wrathful
   494 | D:1      | Reached * piety under Trog
   702 | D:1      | Reached skill level 3 in Axes
   702 | D:1      | Reached XP level 3. HP: 29/33 MP: 2/2
  1016 | D:2      | Reached ** piety under Trog
  1374 | D:2      | Reached XP level 4. HP: 26/41 MP: 3/3
  1500 | D:2      | Reached skill level 4 in Axes
  2076 | D:2      | Identified the +7 broad axe of Debt {speed, *Rage rN+
                  | Int+3}
  2160 | D:2      | Reached XP level 5. HP: 47/47 MP: 4/4
  2325 | D:3      | Reached skill level 5 in Axes
  2325 | D:3      | Reached skill level 5 in Armour
  2995 | D:3      | Found an opulent altar of Gozag.
  3169 | D:4      | Reached XP level 6. HP: 53/53 MP: 5/5
  3211 | D:4      | Reached skill level 6 in Axes
  3399 | D:4      | Found a stormy altar of Qazlal.
  3510 | D:4      | Reached skill level 5 in Fighting
  3510 | D:4      | Reached skill level 7 in Axes
  3510 | D:4      | Reached XP level 7. HP: 61/61 MP: 6/6
  3858 | D:4      | Noticed Edmund
  3867 | D:4      | Killed Edmund
  3868 | D:4      | HP: 4/91 [poisoned by Edmund]
  3870 | D:4      | HP: 1/91 [poisoned by Edmund]
  3871 | D:4      | Succumbed to Edmund's poison

Illustrated notes

Levels and vault maps discovered:
D:1:      minmay_arrival_loop, layout_loops_ring,
          dreamdust_ecumenical_altar_sealed_demon
D:2:      layout_basic
D:3:      layout_loops_ring, marbit_many_paths, minmay_tree_intersection
D:4:      layout_basic, mainiacjoe_overflow_24_doors, minmay_manual_monolith,
          uniq_edmund

Skill      XL: |  1  2  3  4  5  6 |
---------------+-------------------+-----
Fighting       | 4 5 |  5.2
Shields        | 4 |  4.4
Armour         | 4 5 |  5.8
Axes           | 3 4 5 7 |  7.5

Action                   |  1- 3 |  4- 6 |  7- 9 || total
-------------------------+-------+-------+-------++-------
Melee: War axe           |    81 |    22 |       ||   103
       Headbutt          |     8 |     9 |     1 ||    18
       Broad axe         |       |    58 |     9 ||    67
Invok: Berserk           |       |     1 |     1 ||     2
       Trog's Hand       |       |     1 |     1 ||     2
Armor: Scale mail        |    35 |    25 |     1 ||    61
Dodge: Dodged            |    34 |    36 |       ||    70
Block: Buckler           |    15 |     4 |       ||    19
       Kite shield       |       |    13 |     3 ||    16
